 Dungeon Crawl Stone Soup version 0.17.1-1-g73c8601 (webtiles) character file.

6 Implojin the Chopper (level 1, -1/19 HPs)
             Began as a Minotaur Berserker on Apr 9, 2016.
             Was a Follower of Trog.
             Slain by a gnoll
             ... wielding a +1 flail of draining
              (14 damage)
             ... on level 1 of the Dungeon.
             The game lasted 00:00:28 (91 turns).

Implojin the Chopper (Minotaur Berserker)             Turns: 91, Time: 00:00:28

Health: -1/19      AC:  2    Str: 21    XL:     1   Next: 75%
Magic:  0/0        EV: 12    Int:  4    God:    Trog [*.....]
Gold:   0          SH:  0    Dex:  9    Spells: 0 memorised, 0 levels left

rFire  . . .     SeeInvis .     a - +0 hand axe
rCold  . . .     Clarity  .     b - +0 animal skin
rNeg   . . .     SustAt   .     (no shield)
rPois  .         Gourm    .     (helmet restricted)
rElec  .         Spirit   .     (no cloak)
rCorr  .         Warding  .     (no gloves)
rMut   .         Stasis   .     (no boots)
MR     .....                    (no amulet)
Stlth  +.........               (no ring)
                                (no ring)

@: not resistant to hostile enchantments, very unstealthy
A: retaliatory headbutt, horns 2
a: Berserk, Burn Spellbooks, Renounce Religion


You were on level 1 of the Dungeon.
You worshipped Trog.
Trog was aware of your devotion.
You were not hungry.

You visited 1 branch of the dungeon, and saw 1 of its levels.

Inventory:

Hand Weapons
 a - a +0 hand axe (weapon)
Armour
 b - a +0 animal skin (worn)
Comestibles
 c - a bread ration


   Skills:
 - Level 3.6 Fighting
 * Level 4.2 Axes
 - Level 2.4 Armour
 - Level 2.1 Dodging


You couldn't memorise any spells.
You didn't know any spells.

Dungeon Overview and Level Annotations

Branches:
Dungeon (1/15)

Altars:


Innate Abilities, Weirdness & Mutations

You reflexively headbutt those who attack you in melee.
You have a pair of horns on your head.


Message History

The kobold barely misses you.
You closely miss the kobold.
The kobold is heavily wounded.
The kobold misses you.
You hit the kobold.
You kill the kobold!
Trog accepts your kill.
You hit the giant gecko. Your headbutt misses the giant gecko.
The giant gecko is moderately wounded.
The giant gecko closely misses you. You furiously retaliate!
You headbutt the giant gecko!
You kill the giant gecko!
Trog accepts your kill.
Your Axes skill increases to level 4!
You see here a giant gecko corpse.
A goblin comes into view. It is wielding a club.
The goblin shouts!
The goblin hits you but does no damage.
You closely miss the goblin. The goblin barely misses you.
You hit the goblin.
The goblin is almost dead.
The goblin hits you with a club.
You barely miss the goblin.
The goblin is almost dead.
You closely miss the goblin. Your headbutt misses the goblin.
The goblin is almost dead.
The goblin hits you with a club.
You hit the goblin.
You kill the goblin!
Trog accepts your kill.
You see here a club.
Found an escape hatch in the floor.
A giant gecko and a gnoll come into view.
The gnoll shouts!
A bat comes into view.
Found a stone staircase leading down.
Found 3 gold pieces.
The gnoll hits you with a flail of draining!
Ouch! That really hurt!
You die...

#.# #.# .....# #.# #....
#.# #...# #.# #...# #.#
#...# #.# #...# #.#
#########...# #†#
#........@..#
#.######.#######g#.l.>..$
#.##...................##
#..)............b...##...
####.####.######....# #.
#.# .# .....# ..# .#
>...## #### .# ....# .#


You could see a gnoll, a giant gecko and a bat.

Vanquished Creatures
  A giant gecko (D:1)
  A goblin (D:1)
  A kobold (D:1)
  A giant cockroach (D:1)
  A rat (D:1)
5 creatures vanquished.

Notes
Turn   | Place    | Note
--------------------------------------------------------------
     0 | D:1      | Implojin the Minotaur Berserker began the quest for the Orb.
     0 | D:1      | Reached XP level 1. HP: 19/19 MP: 0/0
    65 | D:1      | Reached skill level 4 in Axes
    91 | D:1      | Slain by a gnoll

Action                   || total
-------------------------++-------
Melee: Hand axe          ||    14

Table legend:
 A = Turns spent in this place as a percentage of turns spent in the entire game.
 B = Non-inter-level travel turns spent in this place as a percentage of non-inter-level travel turns spent in the entire game.
 C = Inter-level travel turns spent in this place as a percentage of turns spent in this place.
 D = Turns resting spent in this place as a percentage of non-inter-level travel turns spent in this place.
 E = Turns spent auto-exploring this place as a percentage of non-inter-level travel turns spent in this place.
 F = Non-inter-level travel turns spent in this place divided by the number of levels of this place that you've seen.
                   A       B       C       D       E      F
               +-------+-------+-------+-------+-------+----------------------
         Total | 100.0 | 100.0 |   0.0 |   0.0 |   0.0 |  94.0
       Dungeon | 100.0 | 100.0 |   0.0 |   0.0 |   0.0 |  94.0
               +-------+-------+-------+-------+-------+----------------------

Table legend:
 A = Kills in this place as a percentage of kills in entire the game.
 B = Kills by you in this place as a percentage of kills by you in the entire game.
 C = Kills by friends in this place as a percentage of kills by friends in the entire game.
 D = Other kills in this place as a percentage of other kills in the entire game.
 E = Experience gained in this place as a percentage of experience gained in the entire game.
 F = Experience gained in this place divided by the number of levels of this place that you have seen.
                   A       B       C       D       E      F
               +-------+-------+-------+-------+-------+----------------------
         Total | 100.0 | 100.0 |  -nan |  -nan | 100.0 |   9.0
       Dungeon | 100.0 | 100.0 |  -nan |  -nan | 100.0 |   9.0
               +-------+-------+-------+-------+-------+----------------------
